[Event "26th Triest Festival 2024"]
[Site "Triest"]
[Date "2024.09.02"]
[Round "3.1"]
[White "Bosiocic, Marin"]
[Black "Marn, Jan"]
[Result "1-0"]
[Annotator "TA"]
[ECO "C79"]
[WhiteElo "2555"]
[BlackElo "2344"]
[PlyCount "77"]
[EventDate "2024.09.02"]
[EventType "swiss"]
[EventCountry "ITA"]
[SourceTitle "playchess.com"]
[Source "ChessBase"]
[SourceQuality "1"]
[TimeControl "5400+30"]

1. e4 e5 2. Nf3 Nc6 3. Bb5 a6 4. Ba4 Nf6 5. O-O d6 6. Re1 Bd7 7. c3 g6 8. d4 Bg7 9. dxe5 Nxe5 10. Nxe5 dxe5 11. Bb3 {[%emt 0:00:07] The position is equal.} O-O 12. Nd2 Qe7 13. Nc4 b5 14. Ne3 c5 (14... Nxe4 $2 {too greedy.} 15. Nd5 Qh4 16. g3 (16. Nxc7 $2 {loses.} Qxf2+ 17. Kh1 Bg4 $19) (16. Rxe4 Qxe4 17. Bg5 Qg4 $11) 16... Nxf2 17. gxh4 $18) 15. Nd5 Nxd5 16. Bxd5 Rad8 17. c4 Be6 18. Qc2 Bxd5 19. cxd5 Rb8 20. Be3 Rfc8 21. a4 c4 22. axb5 axb5 23. Ra7 Rb7 (23... Qb4 $11 {was preferrable.} 24. Bd2 Qd6) 24. Rea1 Rxa7 25. Rxa7 (25. Bxa7 $2 {perishes.} Ra8 26. g3 Rxa7 $19) 25... Qd6 26. g3 b4 (26... Bf8 $14) 27. Qa4 $16 {[%emt 0:02:43] White is more active.} c3 (27... Bf8 $16) 28. bxc3 $18 bxc3 29. Ra6 Qd8 30. Rc6 Ra8 31. Qc4 Qd7 32. Kg2 {[%emt 0:00:59] Wards off Qh3+} f5 $2 (32... Bf8 33. Qxc3 Bd6) 33. d6+ Kh8 34. Qd5 {[%emt 0:00:28] [#] Threatens to win with Rc7.} Rf8 35. Rc7 Qd8 36. Rxc3 f4 37. gxf4 Qd7 38. f3 Qa4 39. d7 {[%emt 0:02:29] Weighted Error Value: White=0.07 (flawless) /Black=0.44.  Mistake:       	---       	Black=4      Inaccurate:     	White=2     	---        OK:         	White=8     	Black=4      Best:        	White=3     	Black=1} 1-0

[Event "26th Triest Festival 2024"]
[Site "Triest"]
[Date "2024.09.02"]
[Round "3.2"]
[White "Fischer, Daniel"]
[Black "Baklan, Vladimir"]
[Result "1/2-1/2"]
[Annotator "TA"]
[ECO "C64"]
[WhiteElo "2349"]
[BlackElo "2535"]
[PlyCount "81"]
[EventDate "2024.09.02"]
[EventType "swiss"]
[EventCountry "ITA"]
[SourceTitle "playchess.com"]
[Source "ChessBase"]
[SourceQuality "1"]
[TimeControl "5400+30"]

1. e4 e5 2. Nf3 Nc6 3. Bb5 a6 4. Ba4 Bc5 5. O-O Nge7 6. c3 (6. Nxe5 $5 Nxe5 7. d4 $14) 6... Ng6 7. d4 Ba7 8. Bg5 f6 {[%emt 0:00:16] White has an edge.} 9. Be3 O-O 10. Re1 Kh8 11. Nbd2 d6 12. h3 a5 13. Nf1 Bd7 14. Bc2 Qe8 15. a4 Nd8 (15... exd4 $11 16. Nxd4 Nxd4 17. Bxd4 (17. cxd4 d5 $14) 17... Qf7) 16. Ng3 Ne6 17. Qd2 Ngf4 18. Kh2 Nh5 19. Nf5 g6 20. Ng3 (20. N5h4 {looks sharper.} Nef4 21. Ng1 g5 22. Nf5) 20... Nxg3 21. fxg3 g5 22. Ng1 (22. Qd1 $14) 22... Ng7 23. b3 g4 24. Rf1 Qg6 25. Rae1 Nh5 {[%emt 0:02:44] [#] ...gxh3 would now be deadly.} 26. h4 Bc6 27. Bf2 Rfe8 28. Bd3 Re7 29. c4 Qe8 (29... Bxd4 $2 {loses.} 30. Bxd4 exd4 31. e5 $18) (29... exd4 $2 30. e5 f5 31. Qxa5 (31. exd6 Rxe1 32. Bxe1 Bd7 $18) 31... dxe5 32. Rxe5 Rxe5 (32... b6 $2 33. Qe1 $18) 33. Qxe5+ Qf6 34. Qxf5 (34. Qxc7 Bc5 $16) (34. Qxf6+ Nxf6 35. Ne2 Ne4 $18) 34... Qxf5 35. Bxf5 $18) 30. Ne2 Bd7 {[%emt 0:02:21] [#]} 31. Bb1 ({But not} 31. Qxa5 exd4 32. Qd2 (32. Qxc7 $2 {perishes.} Bc5 $19) 32... c5 $14) ({White should play} 31. c5 $1 $16) 31... exd4 32. Nxd4 Re5 33. Be3 Bc5 34. Qd3 Qg6 35. Bc1 Ng7 36. Ne2 f5 $2 {[%emt 0:01:54][%mdl 8192] This move loses the game for Black.} (36... Ne6 $16 {is more resistant.}) 37. Nf4 $18 Qe8 38. Bb2 {[%emt 0:00:33] White is clearly winning.} fxe4 39. Rxe4 Bf5 40. Rxe5 dxe5 41. Qd5 $1 {[%emt 0:00:15][%csl LRb7,LRc5,LRe5][%mdl 32768] Weighted Error Value: White=0.12 (very precise) /Black=0.26 (precise) .  Loses game:     	---       	Black=1      Mistake:       	White=2     	Black=1      Inaccurate:     	White=1     	Black=2      OK:         	White=15    	Black=8      Best:        	White=1     	Black=2     . An unexpected result.} 1/2-1/2

[Event "26th Triest Festival 2024"]
[Site "Triest"]
[Date "2024.09.02"]
[Round "3.3"]
[White "Tiviakov, Sergei"]
[Black "Kanyamarala, Tarun"]
[Result "1/2-1/2"]
[Annotator "TA"]
[ECO "B22"]
[WhiteElo "2531"]
[BlackElo "2361"]
[PlyCount "67"]
[EventDate "2024.09.02"]
[EventType "swiss"]
[EventCountry "ITA"]
[SourceTitle "playchess.com"]
[Source "ChessBase"]
[SourceQuality "1"]
[TimeControl "5400+30"]

1. e4 c5 2. Nf3 e6 3. c3 Nf6 4. e5 Nd5 5. Bc4 d6 6. d4 cxd4 7. cxd4 Be7 8. O-O O-O 9. Qe2 b6 10. Nc3 {[%emt 0:08:37] The position is equal.} Nxc3 11. bxc3 Bb7 12. Bf4 dxe5 13. Nxe5 Nc6 14. Rad1 Nxe5 15. Bxe5 Bd6 16. Bb3 Rc8 17. c4 Bxe5 18. Qxe5 Qc7 19. Qe3 Qc6 {[%emt 0:04:20][%csl Gb7][%cal Rc6g2] [#]} 20. f3 Rfd8 21. Rfe1 h6 22. h4 Ba6 23. c5 Rd7 (23... Bb7 $15) 24. Rc1 $11 Rcd8 25. Red1 Bb7 26. Bc2 Qc7 27. Bb3 Bd5 28. Ba4 {[%emt 0:00:08] [#] Threatens to win with cxb6.} Re7 29. Qf2 {[%emt 0:02:05] Dodges Qg3} Qf4 {[%emt 0:01:12] Black is slightly better.} 30. Bb5 Rc7 31. Bf1 Rdc8 32. Rc2 bxc5 33. dxc5 Qb4 34. Rdc1 {[%emt 0:00:39] Weighted Error Value: White=0.11 (very precise) /Black=0.07 (flawless) .  Mistake:       	White=1     	Black=1      Inaccurate:     	White=4     	Black=1      OK:         	White=9     	Black=8      Best:        	White=1     	Black=1} 1/2-1/2

[Event "26th Triest Festival 2024"]
[Site "Triest"]
[Date "2024.09.02"]
[Round "3.4"]
[White "Barp, Alberto"]
[Black "Schlegel, Igor"]
[Result "1-0"]
[Annotator "TA"]
[ECO "D30"]
[WhiteElo "2431"]
[BlackElo "2212"]
[PlyCount "75"]
[EventDate "2024.09.02"]
[EventType "swiss"]
[EventCountry "ITA"]
[SourceTitle "playchess.com"]
[Source "ChessBase"]
[SourceQuality "1"]
[TimeControl "5400+30"]

1. d4 d5 2. c4 e6 3. Nf3 c6 4. g3 dxc4 5. Bg2 b5 6. Ne5 Bb7 7. O-O Nf6 8. a4 {[%emt 0:01:36] Threatens to win with axb5. The position is equal.} Qc8 9. b3 cxb3 10. Qxb3 b4 11. e4 Nbd7 12. Nc4 Be7 13. Bf4 c5 {[%emt 0:02:22] [#]} 14. d5 $1 exd5 $15 15. exd5 O-O (15... Nxd5 16. Nd6+ Bxd6 17. Bxd6 $16 (17. Bxd5 $2 Bxf4 18. Bxf7+ Kf8 $19)) 16. Rd1 Re8 17. a5 {[%emt 0:15:24] Dodges Nb6} Bf8 18. Qd3 Ba6 19. Nbd2 Nh5 {[%emt 0:00:00] Hoping for ...Nxf4.} 20. Be3 Ne5 21. Qb3 Qf5 (21... Nf6 $17 {...Qf5 is the strong threat.} 22. Nxe5 (22. d6 Nxc4 23. Nxc4 Qe6 $17) 22... Rxe5) 22. Nxe5 $11 Qxe5 (22... Rxe5 $5 23. Nc4 Bxc4 24. Qxc4 Rxe3 25. fxe3 Nf6 $16) 23. Rac1 (23. d6 $14 Rad8 24. Bd5) 23... Rac8 24. Nc4 Qc7 (24... Qf5 $17 25. d6 Nf6) 25. d6 Bxc4 $2 {[%emt 0:00:00] This costs Black the game.} (25... Qd7 $1 $11) 26. Qxc4 $18 Bxd6 27. Qd5 Be5 (27... Nxg3 28. hxg3 Bf8) 28. Rxc5 {[%emt 0:01:05] Black is weak on the light squares. White is clearly winning.} ({Inferior is} 28. Bxc5 Qxa5 29. Bxb4 Qxb4 $11) 28... Qe7 29. Rxc8 Rxc8 {[%emt 0:00:01] [#]} 30. Bxa7 $1 {[%emt 0:02:57][%mdl 512] This pair of bishops is nice.} Nf6 (30... g6 31. Be3) 31. Qb7 Qxb7 32. Bxb7 Re8 33. a6 b3 34. Be3 Bb8 35. a7 Bxa7 36. Bxa7 Re7 37. Rd8+ Ne8 (37... Re8 $142 38. Rxe8+ Nxe8) 38. Bd4 {[%emt 0:00:38] Weighted Error Value: White=0.12 (very precise) /Black=0.29 (precise) .  Loses game:     	---       	Black=1      Mistake:       	White=2     	Black=4      Inaccurate:     	White=5     	Black=2      OK:         	White=11    	Black=10     Best:        	White=6     	Black=2} 1-0

[Event "26th Triest Festival 2024"]
[Site "Triest"]
[Date "2024.09.02"]
[Round "3.5"]
[White "Brilej, Jaka"]
[Black "Doric, Darko"]
[Result "1/2-1/2"]
[Annotator "RC"]
[ECO "E14"]
[WhiteElo "2280"]
[BlackElo "2443"]
[PlyCount "177"]
[EventDate "2024.09.02"]
[EventType "swiss"]
[EventCountry "ITA"]
[SourceTitle "playchess.com"]
[Source "ChessBase"]
[SourceQuality "1"]
[TimeControl "5400+30"]

1. Nf3 d5 2. e3 Nf6 3. c4 e6 4. Nc3 Be7 5. b3 O-O 6. Bb2 b6 7. cxd5 exd5 8. d4 Bb7 9. Bd3 Nbd7 10. O-O a6 11. Ne2 Bd6 12. Ng3 g6 13. Ne5 Qe7 14. f4 Ne4 15. Nxe4 dxe4 16. Bc4 b5 17. Nxd7 Qxd7 18. Be2 Bd5 19. Qe1 Qe7 20. Bc3 f5 21. Ba5 h6 22. Kh1 g5 23. g3 Kh7 24. Qf2 Rf6 25. Rg1 Rg8 26. Rg2 Qd7 27. Bc3 Rfg6 28. Rag1 Qc6 29. Be1 Qd7 30. Bh5 R6g7 31. Bd1 Qe6 32. h4 gxf4 33. gxf4 Rxg2 34. Rxg2 b4 35. Rxg8 Qxg8 36. Qg1 Qe8 37. Qf1 Qc6 38. Qe2 a5 39. Kh2 Bf7 40. h5 Be7 41. Kh3 Qb6 42. Bh4 Bf8 43. Qd2 c5 44. dxc5 Qxc5 45. Bf2 Qc7 46. Be2 Bg7 47. Bd1 Bc3 48. Qe2 Qc6 49. Bc2 Kg7 50. Bd1 Kf8 51. Bh4 Ke8 52. Bc2 Kd7 53. Qd1+ Bd5 54. Qg1 Kc7 55. Qg6 Qxg6 56. hxg6 Kd7 57. Kg3 Be1+ 58. Kh3 Bd2 59. Bf2 Ke8 60. Bd1 Kf8 61. Be2 a4 62. Bd1 Kg7 63. Kg3 Kxg6 64. Kh3 a3 65. Kh4 Bc6 66. Be2 Bd5 67. Bd1 Kg7 68. Kh5 Bc3 69. Kh4 Bf7 70. Kh3 Kf8 71. Kh4 Ke7 72. Kh3 Kd6 73. Kh4 Bf6+ 74. Kh3 Be8 75. Be2 Bc3 76. Kh4 Kc5 77. Kh3 Ba4 78. Bc4 Be8 79. Be2 Bf7 80. Bd1 Kd6 81. Kh4 Bf6+ 82. Kh3 Be8 83. Be2 Bc3 84. Kh4 Ke7 85. Kh3 Kf6 86. Kh4 Kg7 87. Kh3 Bf7 88. Bd1 Bf6 89. Be1 1/2-1/2

[Event "26th Triest Festival 2024"]
[Site "Triest"]
[Date "2024.09.02"]
[Round "3.6"]
[White "Beletic, Daniel"]
[Black "Zhou, Yang-Fan"]
[Result "0-1"]
[Annotator "TA"]
[ECO "E76"]
[WhiteElo "2260"]
[BlackElo "2437"]
[PlyCount "71"]
[EventDate "2024.09.02"]
[EventType "swiss"]
[EventCountry "ITA"]
[SourceTitle "playchess.com"]
[Source "ChessBase"]
[SourceQuality "1"]
[TimeControl "5400+30"]

1. d4 Nf6 2. c4 g6 3. Nc3 Bg7 4. e4 O-O 5. f4 d6 6. Nf3 c5 7. d5 e6 8. dxe6 fxe6 9. Bd3 Nc6 10. O-O b6 11. Ng5 Nh5 (11... Qe7 $11) 12. g3 (12. e5 $1 $16 {[%cal Og5h7] Strongly threatening Nxh7!} dxe5 13. Be4 (13. Nxh7 Qd4+ 14. Kh1 Rd8 $14)) 12... Qe7 {[%emt 0:07:33] [#]} (12... Bd4+ $11 13. Kh1 Nf6) 13. e5 $1 $14 {[%emt 0:00:39][%cal Og5h7] And now Nxh7! would win.} dxe5 {[%emt 0:01:21] Black is weak on the light squares} 14. Be4 $1 Bb7 {[%emt 0:18:46] [#]} 15. Nxh7 ({White should play} 15. Nxe6 $1 $16 Nd4 (15... Qxe6 $2 16. Bd5 $18) (15... exf4 16. Nxf8) 16. Bxb7 (16. Nxf8 Bxe4 17. Nxe4 exf4 $16) 16... Qxb7 17. Nxf8 Rxf8 18. f5) 15... exf4 (15... Rf5 $1 $11 16. Nd5 exd5 17. Bxf5 Nxf4 18. Bxg6 Qe6 (18... Nxg6 $2 19. Bg5 $16)) 16. Nxf8 $16 Rxf8 17. Bxf4 Bd4+ 18. Kg2 $1 Na5 {[%emt 0:01:41] [#]} (18... Rf5 $16 {is a better defense.}) 19. Qf3 (19. Qe2 $1 $18) 19... Nxf4+ 20. gxf4 Bxe4 21. Qxe4 Nxc4 22. Kh1 ({White must play} 22. Qxg6+ $16 Qg7 23. Qxg7+ Bxg7 24. Rf3) 22... Kg7 {[%emt 0:04:37][%cal Oc4d2] Threatens to win with ...Nd2!} 23. Rg1 Rf5 $36 {[%emt 0:02:54][%cal Oc4d6][%mdl 2048] Black has some pressure. Active counter play!} ({Weaker is} 23... Nxb2 24. Qxg6+ (24. Rxg6+ Kf7 $18) 24... Kh8 25. Qh6+ Qh7 26. Qxf8+) (23... Bxg1 $2 24. Rxg1 Qf6 25. Qxc4 $18) 24. Rg2 Nd6 (24... Qd6 $5) 25. Qf3 (25. Qd3 {is interesting.} e5 26. Ne2 Rf6 27. fxe5 Qxe5 28. Nxd4 cxd4 29. Rg4) 25... Qb7 (25... e5 $14 {was preferrable.}) 26. Qxb7+ Nxb7 27. Rg4 (27. Ne2 $16) 27... Nd6 $11 28. Re1 Kf7 29. Nd1 c4 30. Nc3 b5 31. Rd1 {[%emt 0:05:23] [#]} (31. Re2 $11 {remains equal.}) 31... Bxc3 $1 $17 32. bxc3 Ne4 33. Kg2 {[%emt 0:00:11] Prevents Nf2.} Nxc3 (33... Rd5 $17 34. Rc1 (34. Rxd5 $2 exd5 35. Rh4 Kg7 $19) 34... Rd3) 34. Rd7+ $11 Kf6 {[%emt 0:00:08] White must now prevent ...a5.} 35. Rxa7 Rd5 36. Rh4 {[%emt 0:04:51] Weighted Error Value: White=0.33/Black=0.26 (precise) .  Mistake:       	White=6     	Black=6      Inaccurate:     	White=1     	Black=2      OK:         	White=6     	Black=7      Best:        	White=3     	Black=2      Strong:       	White=2     	Black=1      Brilliant:      	White=1     	---} 0-1

[Event "26th Triest Festival 2024"]
[Site "Triest"]
[Date "2024.09.02"]
[Round "3.8"]
[White "Goh, Wei Ming Kevin"]
[Black "Simonetto, Andrea"]
[Result "0-1"]
[Annotator "TA"]
[ECO "B12"]
[WhiteElo "2449"]
[BlackElo "2323"]
[PlyCount "118"]
[EventDate "2024.09.02"]
[EventType "swiss"]
[EventCountry "ITA"]
[SourceTitle "playchess.com"]
[Source "ChessBase"]
[SourceQuality "1"]
[TimeControl "5400+30"]

1. e4 c6 2. d4 d5 3. e5 Bf5 4. Bd3 Bxd3 5. Qxd3 Qa5+ 6. c3 e6 7. Ne2 Qa6 {[%emt 0:04:15] B12: Caro-Kann: Advance Variation.} 8. Qd1 c5 9. O-O Nc6 10. Nd2 cxd4 11. cxd4 Qd3 12. Nf3 Qxd1 13. Rxd1 Be7 $146 ({Predecessor:} 13... Nge7 14. b3 a5 15. Nc3 Nc8 16. Nb5 Kd7 17. Bb2 N8a7 18. Nc3 b5 19. Rac1 Be7 {1-0 Francois,G (1738)-De Andrade,M (1299) Charleville Mezieres op 14th 2017 (1)}) 14. Bd2 Kd7 15. b4 a6 16. Rdb1 b5 17. a4 Nh6 18. Bc3 Nf5 19. g4 Nh4 20. Nxh4 Bxh4 21. f4 Be7 22. Kg2 Rab8 23. h3 h5 24. Be1 hxg4 25. hxg4 g6 26. Rb2 Rhc8 27. axb5 axb5 28. Kf3 Ra8 29. Rab1 Ra3+ 30. Rb3 (30. Kg2 $17 {was worth a try.}) 30... Rca8 $19 (30... Bxb4 $2 31. Bxb4 Rxb3+ 32. Rxb3 $18) 31. Bc3 R8a4 (31... Bxb4 32. Rxb4 Nxb4 33. Rxb4 $17) 32. Kf2 (32. Rxa3 $17 {is a better defense.} Rxa3 33. Kf2) 32... Rxb3 $19 33. Rxb3 Bxb4 (33... Nxb4 34. f5 $17) 34. Bb2 Ra5 (34... Na5 $19 35. Rh3 Ra2) 35. f5 (35. Nc1 $17) 35... Bd2 $19 (35... exf5 36. gxf5 gxf5 37. Nf4 $15) 36. f6 (36. Rd3 $142 Bg5 37. Bc1 Bh4+ 38. Kf3) 36... b4 $19 37. Rd3 Bg5 38. Ke1 Ra2 39. Rb3 Ra7 40. Kd1 Rb7 41. Rh3 Na5 42. Kc2 $2 (42. Rh7 {was called for.} Kc6 43. Rh8) 42... Kc6 43. Bc1 $2 (43. Rh8) 43... b3+ $19 44. Kb1 Bxc1 45. Nxc1 b2 46. Rc3+ Nc4 47. Nb3 Rb4 (47... Ra7 $142 {Threatens to win with ...Kb5.} 48. Rc2 Kb5 49. Rxb2 Nxb2 50. Kxb2 Kc4 51. Nd2+ Kxd4) 48. Na5+ $19 Kb5 $2 (48... Kd7 {( -> ...Nd2+)} 49. Nxc4 dxc4) 49. Nxc4 $19 Rxc4 (49... dxc4 50. d5 Kc5 (50... exd5 51. e6 $11) 51. dxe6 fxe6 52. Rc2 $11) 50. Rb3+ {[%emt 0:00:39] [#]} Rb4 $1 51. Ra3 $2 (51. Rxb4+ $2 Kxb4 52. Kxb2 Kc4 $19) (51. Rc3 Rxd4 52. Rc7 Rxg4 53. Kxb2) 51... Rxd4 52. Ra7 Rxg4 53. Rxf7 {[%emt 0:00:01] [#]} Re4 $2 (53... Kc4 $1 $19 {[%cal Rc4d4] And now ...Kd4 would win.} 54. Rb7 d4) 54. Rb7+ $2 (54. Rf8 $11 Kc4 (54... Rxe5 $2 55. f7 $18) 55. f7) 54... Kc4 $19 55. f7 $2 (55. Rxb2 Re1+ (55... Rxe5 $2 {loses.} 56. Rf2 $18) 56. Ka2) 55... Rf4 $19 (55... Rxe5 56. f8=Q (56. f8=R g5 $18) 56... Re1+ 57. Kxb2 Re2+ 58. Kc1 d4 59. Qb4+ Kd5 60. Qb5+ Ke4 61. Qxe2+) 56. Re7 Kc3 57. Rc7+ Kd4 58. Kxb2 Kxe5 59. Kc3 g5 0-1

[Event "26th Triest Festival 2024"]
[Site "Triest"]
[Date "2024.09.02"]
[Round "3.9"]
[White "Wong, Zhenyong Jayden"]
[Black "Motola, Jacopo"]
[Result "1-0"]
[Annotator "TA"]
[ECO "A11"]
[WhiteElo "2397"]
[BlackElo "2207"]
[PlyCount "67"]
[EventDate "2024.09.02"]
[EventType "swiss"]
[EventCountry "ITA"]
[SourceTitle "playchess.com"]
[Source "ChessBase"]
[SourceQuality "1"]
[TimeControl "5400+30"]

1. Nf3 d5 2. g3 Bg4 3. Bg2 Nd7 4. c4 c6 5. cxd5 cxd5 6. Nc3 e6 7. Qb3 Bxf3 8. Bxf3 Qb6 9. Qxb6 Nxb6 {[%emt 0:00:34] White is slightly better.} 10. d3 Rc8 11. O-O Nf6 (11... a6 $11 {keeps the balance.}) 12. Bf4 (12. Be3 $16) 12... a6 $11 {[%emt 0:04:12] Dodges Nb5} 13. Rfc1 Bc5 14. Rc2 Kd7 15. Rac1 Bd6 16. Be3 {[%emt 0:01:08] This pair of bishops is nice.} Rc6 {[%emt 0:00:51] White now steadily converts the win.} (16... Na8 $1 $14) 17. Bd4 $1 $16 Bc5 {[%emt 0:13:29] [#]} (17... Rb8 $16 {was necessary.}) 18. Bxc5 $1 $18 Rxc5 {[%emt 0:00:07] [#]} 19. Nxd5 $1 Rxd5 (19... Rxc2 20. Nxf6+) 20. Rc7+ Kd6 21. Bxd5 (21. Rxf7 Rc5 22. Rxc5 Kxc5) 21... exd5 22. Rxf7 Nbd7 23. Rxg7 b5 24. f4 {[%emt 0:05:43][%cal Oe2e4] Threatens to win with e4!} d4 25. Kf2 Nd5 {[%emt 0:08:24] [#]} 26. a4 $1 bxa4 (26... Nc5 27. axb5) 27. Rc4 Nc5 28. Ra7 ({Less strong is} 28. Rxd4 Ne6 29. Rxd5+ (29. Rxa4 Nxg7 30. Rxa6+ Kc5 $19) 29... Kxd5 $16) 28... Rb8 29. Rxh7 {[%emt 0:01:19] And now Rh6+ would win. White is clearly winning.} ({And not} 29. Rxd4 Rxb2 30. Rxh7 Ke6 $11) 29... Kc6 30. Rxd4 {[%emt 0:04:35] aiming for Rh6+.} Nb4 31. Rc4 Nbxd3+ 32. exd3 {[%emt 0:00:21] Hoping for Rh6+.} Rxb2+ 33. Ke3 {[%emt 0:03:07] Black must now prevent Kd4.} Rb3 34. Rh5 {[%emt 0:04:19] Weighted Error Value: White=0.05 (flawless) /Black=0.43.  Mistake:       	White=1     	Black=3      Inaccurate:     	---       	Black=2      OK:         	White=13    	Black=7      Best:        	White=1     	---        Strong:       	White=1     	---        Brilliant:      	White=1     	---} 1-0

[Event "26th Triest Festival 2024"]
[Site "Triest"]
[Date "2024.09.02"]
[Round "3.10"]
[White "Willems, Niels"]
[Black "Djuric, Stefan"]
[Result "1-0"]
[Annotator "TA"]
[ECO "A39"]
[WhiteElo "2384"]
[BlackElo "2208"]
[PlyCount "129"]
[EventDate "2024.09.02"]
[EventType "swiss"]
[EventCountry "ITA"]
[SourceTitle "playchess.com"]
[Source "ChessBase"]
[SourceQuality "1"]
[TimeControl "5400+30"]

1. c4 g6 2. Nc3 c5 3. Nf3 Bg7 4. g3 Nc6 5. Bg2 Nf6 6. d4 cxd4 7. Nxd4 O-O 8. O-O Nxd4 9. Qxd4 d6 10. Qd3 a6 11. Bg5 Rb8 12. Rac1 b5 13. b3 bxc4 {[%emt 0:07:08] White has an edge.} 14. Qxc4 Qa5 15. Bd2 Be6 16. Qd3 Rfe8 17. Rc2 Qh5 18. Qxa6 d5 19. f3 (19. h4 $14) 19... Ra8 $11 20. Qd3 Bf5 21. e4 $1 dxe4 22. fxe4 Red8 (22... Rad8 {simplifies} 23. Qb5 Rb8 24. Bf3 Rxb5 25. Bxh5 Bxe4 26. Nxe4 Nxh5 27. b4 Bd4+) 23. Qf3 (23. Nd5 Rxd5 24. Qc4 Ng4 $19) 23... Bg4 24. Qf4 {[%emt 0:02:49] Strongly threatening e5.} Rac8 25. e5 Bf5 $2 {[%emt 0:01:41][%mdl 8192] This move loses the game for Black.} (25... Nd7 $1 $14 26. Qxf7+ Kh8) 26. exf6 $18 Bxf6 27. Rcc1 Rd4 28. Ne4 Rcd8 {[%emt 0:00:46] [#] White must now prevent ...Bxe4.} 29. Be3 {[%emt 0:00:38] And now Nxf6+ would win.} Bxe4 30. Bxe4 R4d6 31. Rc5 Qe2 32. Rc2 Qa6 33. Qf3 Re6 34. Kg2 Qa5 35. Bc5 Re5 36. b4 Qa6 37. Rcf2 Qe6 38. Bc2 Qa6 39. a4 Kg7 40. Rd1 Rxd1 41. Qxd1 Qe6 42. Bb3 Qc6+ 43. Qf3 Qd7 44. Bc2 Re1 45. a5 Ra1 46. Be4 Qe6 47. Qd3 h5 48. Bd4 Re1 49. Bxf6+ exf6 50. Re2 Ra1 51. Bf3 Qc8 52. Rc2 Qe6 53. Qc3 Rb1 54. Rb2 Re1 55. Kf2 Re5 56. Re2 h4 57. Rxe5 hxg3+ 58. hxg3 fxe5 59. b5 {[%emt 0:00:42][%cal Bb4b5,Bb5b6,Bb6b7][%mdl 32] [#] White threatens b6 and mate.} Kh7 60. b6 {[%emt 0:00:34] White mates.} e4 61. Bg2 Qa2+ 62. Kg1 f5 63. Bf1 Qb1 64. Qc7+ Kh6 65. b7 {[%emt 0:00:00] Weighted Error Value: White=0.04 (flawless) /Black=0.32.  Loses game:     	---       	Black=1      Mistake:       	White=1     	---        Inaccurate:     	---       	Black=4      OK:         	White=18    	Black=12     Best:        	White=2     	Black=2      Strong:       	White=1     	---} 1-0

[Event "26th Triest Festival 2024"]
[Site "Triest"]
[Date "2024.09.02"]
[Round "3.11"]
[White "Schnaider, Ilan"]
[Black "Kanyamarala, Trisha"]
[Result "1/2-1/2"]
[Annotator "TA"]
[ECO "D00"]
[WhiteElo "2409"]
[BlackElo "2179"]
[PlyCount "157"]
[EventDate "2024.09.02"]
[EventType "swiss"]
[EventCountry "ITA"]
[SourceTitle "playchess.com"]
[Source "ChessBase"]
[SourceQuality "1"]
[TimeControl "5400+30"]

1. d4 Nf6 2. Nc3 d5 3. Bf4 e6 4. Nb5 Bb4+ 5. c3 Ba5 6. a4 a6 7. b4 Bxb4 8. cxb4 axb5 9. axb5 Rxa1 10. Qxa1 Qe7 11. Qb2 O-O 12. Nf3 Bd7 13. e3 Ne4 14. Bd3 Qe8 15. Qe2 Qe7 16. Qb2 Qe8 17. Qe2 Qe7 18. O-O (18. Bxc7 $2 Qxb4+ 19. Nd2 Rc8 $19) 18... Rc8 19. Rc1 c6 ({Better is} 19... Be8 $1 $14) 20. Qb2 (20. h3 $16) 20... Nd6 ({Black should try} 20... Qd8 $14) 21. b6 Be8 22. Qa3 Nd7 23. Qa7 f6 24. Bxd6 Qxd6 25. Qxb7 Rb8 26. Qxc6 (26. Qc7 {feels hotter.} Qxb4 27. Rb1 Qc3 28. Bf1) 26... Qxc6 27. Rxc6 Nxb6 28. Rc1 Na4 29. Rb1 Nc3 30. Rb2 $1 Nd1 31. Rb3 Ba4 32. Rb1 Nc3 33. Rc1 Na2 34. Ra1 Nxb4 35. Bxh7+ Kxh7 36. Rxa4 Nd3 37. Ra1 Rb2 38. Rf1 g5 39. g4 Kg6 40. Kg2 e5 (40... f5 $11) 41. dxe5 $1 $14 fxe5 42. Kg3 Kf6 $1 43. Ng1 (43. h4 $1 $14 gxh4+ 44. Nxh4) 43... Nc5 $11 44. f3 d4 45. exd4 exd4 46. Nh3 d3 47. Rd1 d2 48. Kf2 Rc2 49. Ke2 Nb3 $1 50. Nf2 Ke5 51. Ne4 Kd4 52. Rb1 Kc4 53. Rd1 Kd4 54. Rb1 Kc4 55. Ke3 Ra2 56. Rd1 (56. Nxg5 $2 {loses.} Nc1 57. Rb8 d1=Q $19 (57... d1=B $2 58. Rc8+ Kd5 59. Rxc1 $18)) 56... Ra3 57. Nxd2+ Nxd2+ 58. Kxd2 Rxf3 59. Ke2 Rh3 60. Rd8 Rxh2+ 61. Kf3 Rh1 62. Kf2 Ra1 63. Rg8 Kd4 64. Rxg5 Ke4 65. Rf5 (65. Kg3 $5) 65... Ra3 $1 66. Kg2 Rb3 67. Rf8 Ra3 68. Kh2 Rb3 69. Rf2 Ra3 70. g5 Ra5 71. g6 Rh5+ 72. Kg1 Rh8 $1 73. g7 Rg8 74. Rf7 Ke5 75. Kf2 Ke6 76. Ra7 Kf6 77. Kf3 Rxg7 78. Rxg7 Kxg7 79. Ke4 1/2-1/2